 Dungeon Crawl Stone Soup version 0.17.0-26-gececa24 (webtiles) character file.

78122 M4edhros the Unseen (level 15, -2/88 HPs)
             Began as an Octopode Artificer on Nov 19, 2015.
             Was a Priest of Fedhas.
             Slain by a fire crab (9 damage)
             ... on level 1 of the Abyss on Nov 20, 2015.
             The game lasted 01:54:53 (26136 turns).

M4edhros the Unseen (Octopode Artificer)           Turns: 26136, Time: 01:54:53

Health: -2/88      AC:  6    Str:  9    XL:     15   Next: 59%
Magic:  0/24       EV: 17    Int: 21    God:    Fedhas [***...]
Gold:   2253       SH: 11    Dex: 19    Spells: 5 memorised, 11 levels left

rFire  + + .     SeeInvis .     Y - +1 eveningstar "Brilliance" {holy, rN+ AC+5 Int+5}
rCold  + + .     Clarity  .     u - +0 shield {rC+ rF+}
rNeg   + . .     SustAt   +     g - +0 hat of Asaplu {rC+}
rPois  .         Gourm    .     s - amulet of guardian spirit
rElec  .         Spirit   +     E - ring of sustain attributes
rCorr  .         Warding  .     j - ring of protection from fire
rMut   .         Stasis   .     L - +2 ring of dexterity
MR     +....                    t - ring of stealth
Stlth  ++++......               (no ring)
                                (no ring)
                                (no ring)
                                (no ring)

@: regenerating, glowing, somewhat resistant to hostile enchantments, stealthy
A: almost no armour, amphibious, 8 rings, constrict 8, tentacle spike 1,
camouflage 1, screaming 1, spit poison 1, weak 1, gelatinous body 1
a: Spit Poison, Evolution, Sunlight, Growth, Renounce Religion


You were on level 1 of the Abyss.
You worshipped Fedhas.
Fedhas was most pleased with you.
You were not hungry.

You visited 4 branches of the dungeon, and saw 27 of its levels.
You visited the Abyss 1 time.
You also visited: Bailey.

You collected 2804 gold pieces.
You spent 551 gold pieces at shops.

Inventory:

Hand Weapons
 q - a +1 greatsling of freezing
 x - a +0 blowgun
 F - the +2 scimitar "Dodong" {venom, rC++ MR+ Int+2}
   (You found it on level 6 of the Dungeon)

   It poisons the flesh of those it strikes.
   It affects your intelligence (+2).
   It greatly protects you from cold.
   It affects your resistance to hostile enchantments.
 G - a +2 short sword of venom
 Y - the +1 eveningstar "Brilliance" (weapon) {holy, rN+ AC+5 Int+5}
   (You took it off an orc warrior in a bailey)

   It has been blessed by the Shining One to cause great damage to the undead
   and demons.
   It affects your AC (+5).
   It affects your intelligence (+5).
   It protects you from negative energy.
Missiles
 i - 14 steel sling bullets
 y - 59 poisoned needles
 J - 22 poisoned sling bullets
 M - 252 stones (quivered)
 S - 18 sling bullets
Armour
 g - the +0 hat of Asaplu (worn) {rC+}
   (You found it on level 11 of the Dungeon)

   It protects you from cold.
 u - a +0 shield of resistance (worn)
 A - a +0 hat of see invisible
Jewellery
 j - a ring of protection from fire (right tentacle)
 s - an amulet of guardian spirit (around mantle)
 t - a ring of stealth (on tentacle)
 E - a ring of sustain attributes (left tentacle)
 L - a +2 ring of dexterity (on tentacle)
Wands
 c - a wand of enslavement (0)
 d - a wand of polymorph (9)
 r - a wand of random effects (20)
 v - a wand of teleportation (6)
 T - a wand of flame (19)
 V - a wand of frost (0)
 X - a wand of teleportation (6)
Scrolls
 f - 4 scrolls of enchant weapon
 k - 4 scrolls of fog
 o - 7 scrolls of recharging
 p - 5 scrolls of immolation
 w - a scroll of brand weapon
 B - a scroll of teleportation
 D - 3 scrolls of magic mapping
 I - 2 scrolls of remove curse
 P - 2 scrolls of silence
 Q - 5 scrolls of enchant armour
 U - 2 scrolls of amnesia
 Z - 2 scrolls of blinking
Potions
 a - a potion of ambrosia
 h - 3 potions of curing
 H - a potion of cure mutation
 N - a potion of brilliance
 O - 3 potions of might
Miscellaneous
 b - a box of beasts
Comestibles
 e - 9 bread rations
 l - 3 beef jerkies
 n - 9 slices of pizza
 C - 34 fruits
 R - 2 royal jellies


   Skills:
 - Level 3.0 Fighting
 - Level 1.0 Short Blades
 - Level 11.8 Slings
 - Level 7.4 Dodging
 - Level 15.4 Stealth
 + Level 9.9 Shields
 - Level 5.3 Spellcasting
 - Level 4.0 Conjurations
 - Level 5.9 Charms
 - Level 4.1 Necromancy
 - Level 5.8 Air Magic
 - Level 4.7 Poison Magic
 - Level 8.0 Invocations
 - Level 12.4 Evocations


You had 11 spell levels left.
You knew the following spells:

 Your Spells              Type           Power        Failure   Level  Hunger
a - Repel Missiles        Chrm/Air       ####..       2%          2    None
b - Regeneration          Chrm/Necr      ####......   10%         3    ##.....
c - Swiftness             Chrm/Air       ####....     2%          2    None
d - Mephitic Cloud        Conj/Pois/Air  ####....     10%         3    ##.....
e - Spectral Weapon       Hex/Chrm       ###.....     21%         3    ##.....


Dungeon Overview and Level Annotations

Branches:
Dungeon (14/15)            Temple (1/1) D:5            Lair (8/8) D:8
 Shoals (0/4) Lair:3       Spider (0/4) Lair:5        Slime (0/6) Lair:6
    Orc (4/4) D:12            Elf (0/3) Orc:4        Vaults (0/5) D:14

Altars:
Ashenzari
Dithmenos
Elyvilon
Fedhas
Gozag
Kikubaaqudgha
Makhleb
Okawaru
Qazlal
Ru
Sif Muna
Trog
Vehumet
Xom
Yredelemnul
Zin
The Shining One
Beogh

Shops:
D:10 [   D:11 %   D:13 ?   Orc:1 *   Orc:2 }   Orc:4 :?*(:

Portals:
Pandemonium: Orc:4


Innate Abilities, Weirdness & Mutations

You cannot wear most types of armour.
You are amphibious.
You can wear up to eight rings at the same time.
You can use your tentacles to constrict eight enemies at once.
Your skin changes colour to match your surroundings (Stealth).
Your rubbery body absorbs attacks (AC +1).
One of your tentacles bears a spike.
You occasionally shout uncontrollably at your foes.
You can spit weak poison.
You are weak. (Str -2)


Message History

* * * LOW HITPOINT WARNING * * *
You are engulfed in flames.
You resist.
* * * LOW HITPOINT WARNING * * *
The fire crab breathes flames at you. The blast of flame engulfs you!
You resist.
* * * LOW HITPOINT WARNING * * *
Unknown command.
Drink which item? (? for menu, Esc to quit)
You feel better.
You are engulfed in roaring flames.
You resist.
* * * LOW HITPOINT WARNING * * *
You constrict the fire crab. The fire crab misses you.
You block the fire crab's attack.
You completely miss the fire crab.
The fire crab is severely wounded.
You are engulfed in roaring flames.
You resist.
* * * LOW HITPOINT WARNING * * *
You constrict the fire crab, but do no damage.
The fire crab bites you!
You die...
Fedhas appreciates your contribution to the ecosystem.

. . ..
. #. .
. ...
. . ##
. .
##§# .
.
###t§#
. #§@#
. . ..
####.
. . .
# . .
*. #
#. . .
. .. .
. . .


You could see a fire crab.

Vanquished Creatures
  Gastronok (Lair:1)
  A tentacled starspawn (Abyss:1)
  Agnes (D:14)
  Louise (D:14)
  An orc warlord (Bailey)
  Nessos (D:13)
  A great orb of eyes (Abyss:1)
  4 vault guards (D:14)
  2 hydras (Lair:5)
  A tengu warrior (D:13)
  A sun demon (Orc:4)
  The ghost of MDvedh the Basher, a novice OpBe of Trog (D:8)
  Nergalle (Orc:3)
  An unseen horror (D:14)
  4 orc high priests (Orc:4)
  A large abomination (Abyss:1)
  A hill giant (D:14)
  Pikel (D:8)
  An orc knight (Orc:4)
  A rust devil (Orc:4)
  3 black mambas
  3 elephants
  A siren (Lair:3)
  4 spiny frogs
  2 centaur skeletons (D:14)
  2 komodo dragons
  4 fire drakes
  2 trolls
  A two-headed ogre (D:8)
  2 polar bears
  Grinder (D:4)
  Prince Ribbit (D:6)
  3 slime creatures
  7 blink frogs
  Sigmund (D:4)
  4 wyverns
  A trapdoor spider (D:14)
  2 basilisks
  7 hippogriffs
  Eustachio (D:4)
  8 yaks
  3 deep elf magi
  3 fire bats (Lair:5)
  A steam dragon (Lair:5)
  2 hungry ghosts
  A warg (Orc:2)
  Menkaure (D:5)
  6 wolves
  Edmund (D:5)
  A mottled dragon (D:12)
  The ghost of M4edhros the Charlatan, an amateur OpAr of Fedhas (D:3)
  2 hell hounds (Lair:6)
  7 porcupines
  10 water moccasins
  A slave (D:8)
  A swamp drake (D:11)
  2 phantoms (D:5)
  A black bear (D:8)
  2 eyes of draining
  8 spiders (Lair:5)
  2 small abominations (Abyss:1)
  2 sky beasts
  16 orc warriors
  6 ogres
  4 centaurs
  A big kobold (D:12)
  7 crocodiles
  14 giant frogs
  8 wights
  5 scorpions
  2 crimson imps
  7 hounds
  A jelly (D:7)
  An iron imp (D:11)
  18 orc priests
  5 giant frog skeletons
  Crazy Yiuf (D:5)
  8 orc wizards
  Jessica (D:2)
  Terence (D:2)
  14 sheep
  11 iguanas
  7 worker ants
  A hound skeleton (D:4)
  Robin (D:2)
  8 gnolls
  34 river rats
  18 adders
  2 shadow imps
  An ufetubus (Abyss:1)
  2 oozes (D:1)
  An adder zombie (D:5)
  3 worms
  3 adder skeletons
  11 giant geckos
  110 orcs
  3 ball pythons
  8 bats
  5 giant cockroaches
  27 goblins
  32 hobgoblins
  6 jackals
  7 quokkas
  6 giant newts
  A jackal skeleton (D:4)
  18 kobolds
  4 rats
  7 ballistomycetes (Orc:4)
  A briar patch (Lair:8)
  5 fungi (Lair:8)
  A hyperactive ballistomycete (Orc:4)
  7 toadstools (Lair:8)
616 creatures vanquished.

Vanquished Creatures (collateral kills)
  Rupert (Lair:6)
  Maud (Lair:8)
  A stone giant (Orc:4)
  Snorg (D:14)
  3 hydras
  5 centaur warriors
  The ghost of Britaniac the Arsonist, a journeyman GrFE of Vehumet (D:11)
  15 death yaks
  4 orc high priests (Orc:4)
  A sun demon (Orc:4)
  2 hill giants (D:12)
  An unseen horror (D:14)
  A torturous demonspawn (Orc:4)
  4 orc knights
  A putrid demonspawn (Orc:4)
  2 griffons
  A harpy (shapeshifter) (D:13)
  3 orc sorcerers (Orc:4)
  3 cyclopes
  3 wandering mushrooms
  10 elephants
  A black mamba (Lair:7)
  A manticore (D:14)
  A gargoyle (D:10)
  A vault sentinel (D:14)
  5 spiny frogs
  5 komodo dragons
  2 centaur skeletons (D:14)
  A torpor snail (Lair:7)
  2 kobold demonologists
  A hellwing (Orc:4)
  2 fire drakes
  A blue devil (Orc:4)
  2 red devils (Orc:4)
  A two-headed ogre (D:11)
  5 trolls
  9 blink frogs
  2 slime creatures (D:12)
  A shadow (D:14)
  2 wyverns
  2 deep elf magi
  A trapdoor spider (D:8)
  2 hungry ghosts (D:14)
  2 basilisks
  A wraith (D:13)
  61 yaks
  7 hippogriffs
  4 wolves (Lair:6)
  A mottled dragon (D:11)
  12 water moccasins
  A warg (Orc:1)
  A slave (D:8)
  A hell hound (Lair:6)
  A sky beast (D:8)
  21 orc warriors
  3 phantoms
  2 ogres
  A black bear (D:10)
  3 centaurs
  4 crocodiles
  A brain worm (D:14)
  3 giant frogs
  A wyvern skeleton (D:6)
  An electric eel (D:10)
  2 jellies
  2 wights (D:7)
  A quasit (D:12)
  2 iguanas
  21 orc priests
  A giant frog skeleton (D:5)
  2 hounds
  14 orc wizards
  6 worker ants
  11 sheep
  8 gnolls
  15 river rats
  A white imp (D:11)
  An adder (D:6)
  71 orcs
  A ball python (D:3)
  7 hobgoblins (Bailey)
  2 goblins (Bailey)
  A rat (D:3)
  8 giant spores (Orc:4)
  2 hyperactive ballistomycetes (Orc:4)
  4 toadstools
429 creatures vanquished.

Vanquished Creatures (others)
  2 thorn hunters (Lair:8)
  3 oklob plants
  A ghost crab (Orc:4)
  A black mamba (Lair:1)
  6 yaks (Lair:1)
  A water moccasin (Lair:1)
  An ice beast (D:8)
  A sky beast (D:5)
  2 slaves (D:8)
  An ogre (D:5)
  37 wandering mushrooms
  A worker ant (D:8)
  11 ballistomycetes
  9 briar patches
  A fire vortex (D:12)
  22 fungi
  A giant spore (Bailey)
  29 plants
  2 starspawn tentacles (Abyss:1)
  882 toadstools
1014 creatures vanquished.

Grand Total: 2059 creatures vanquished

Notes
Turn   | Place    | Note
--------------------------------------------------------------
     0 | D:1      | M4edhros the Octopode Artificer began the quest for the Orb.
     0 | D:1      | Reached XP level 1. HP: 13/13 MP: 3/3
    14 | D:1      | Reached XP level 2. HP: 9/18 MP: 4/4
   242 | D:1      | Reached skill level 4 in Evocations
   250 | D:1      | Reached XP level 3. HP: 16/23 MP: 4/6
   773 | D:2      | Noticed Robin
   947 | D:2      | Noticed Jessica
   956 | D:2      | Killed Jessica
   956 | D:2      | Reached XP level 4. HP: 20/28 MP: 7/7
   985 | D:2      | Noticed Terence
   988 | D:2      | Killed Terence
  1016 | D:3      | Noticed M4edhros's ghost (amateur OpAr)
  1026 | D:3      | Killed M4edhros's ghost
  1026 | D:3      | Reached skill level 5 in Stealth
  1026 | D:3      | Reached skill level 5 in Evocations
  1026 | D:3      | Reached XP level 5. HP: 18/33 MP: 7/9
  1129 | D:4      | Reached skill level 6 in Stealth
  1129 | D:4      | Reached XP level 6. HP: 26/38 MP: 10/10
  1245 | D:4      | Noticed a troll
  1273 | D:5      | Entered Level 5 of the Dungeon
  1324 | D:4      | Noticed Grinder
  1333 | D:4      | Paralysed by Grinder for 2 turns
  1336 | D:4      | Killed Grinder
  1336 | D:4      | Reached skill level 7 in Stealth
  1336 | D:4      | Reached XP level 7. HP: 12/43 MP: 3/11
  1626 | D:4      | Noticed an ogre
  1641 | D:4      | Killed an ogre
  1642 | D:4      | Noticed Sigmund
  1653 | D:5      | Noticed Menkaure
  1656 | D:5      | Noticed Edmund
  1657 | D:5      | Killed Menkaure
  1657 | D:5      | Reached skill level 8 in Stealth
  1728 | D:5      | Killed Edmund
  1728 | D:5      | Reached skill level 9 in Stealth
  1728 | D:5      | Reached XP level 8. HP: 22/48 MP: 9/13
  1761 | D:5      | Found a staircase to the Ecumenical Temple.
  1958 | Temple   | Entered the Ecumenical Temple
  2109 | Temple   | Became a worshipper of Xom of Chaos
  2171 | Temple   | Fell from the grace of Xom
  2171 | Temple   | Became a worshipper of Fedhas Madash
  2221 | D:5      | Reached skill level 10 in Stealth
  2350 | D:4      | XOM: medium Hex miscast
  3120 | D:3      | Reached * piety under Fedhas
  3332 | D:3      | Found a sacrificial altar of Ru.
  3428 | D:3      | Found a stormy altar of Qazlal.
  3520 | D:2      | Killed Robin
  3562 | D:2      | XOM: mild Necr miscast
  3940 | D:2      | XOM: mild Air miscast
  3989 | D:2      | Found a deep blue altar of Sif Muna.
  4213 | D:4      | Killed a troll
  4213 | D:4      | Reached skill level 11 in Stealth
  4213 | D:4      | Reached XP level 9. HP: 35/53 MP: 9/15
  4223 | D:4      | XOM: medium Trmt miscast
  4374 | D:4      | Killed Sigmund
  4437 | D:4      | Noticed Eustachio
  4444 | D:4      | Killed Eustachio
  4445 | D:4      | Reached ** piety under Fedhas
  4750 | D:5      | Noticed Crazy Yiuf
  4756 | D:5      | Killed Crazy Yiuf
  4756 | D:5      | Reached skill level 12 in Stealth
  4951 | D:6      | Reached skill level 10 in Evocations
  4962 | D:6      | Noticed Prince Ribbit
  5002 | D:6      | Killed Prince Ribbit
  5101 | D:6      | Got a bloodstained scimitar
  5102 | D:6      | Identified the cursed +2 scimitar "Dodong" {venom, rC++ MR+ Int+2} (You found it on level 6 of the Dungeon)
  5214 | D:6      | XOM: noise
  5290 | D:6      | Found a glowing silver altar of Zin.
  5290 | D:6      | Found an opulent altar of Gozag.
  5427 | D:6      | XOM: polymorph wandering mushroom -> wandering mushroom
  5540 | D:6      | Found a shadowy altar of Dithmenos.
  5644 | D:7      | Found an ancient bone altar of Kikubaaqudgha.
  5687 | D:7      | Reached skill level 1 in Shields
  5744 | D:7      | Reached skill level 1 in Invocations
  5745 | D:7      | Reached *** piety under Fedhas
  5978 | D:7      | Reached XP level 10. HP: 58/58 MP: 18/18
  5979 | D:7      | XOM: mild Necr miscast
  6154 | D:8      | Found an iron altar of Okawaru.
  6177 | D:8      | Reached skill level 13 in Stealth
  6335 | D:8      | Noticed MDvedh's ghost (novice OpBe)
  6357 | D:8      | Noticed Pikel
  6366 | D:8      | Killed Pikel
  6379 | D:8      | Killed MDvedh's ghost
  6411 | D:8      | Found a staircase to the Lair.
  6710 | D:8      | Noticed a thorn hunter
  6710 | D:8      | a wandering mushroom changed into a thorn hunter
  6710 | D:8      | XOM: polymorph wandering mushroom -> thorn hunter
  6815 | D:9      | Found a glowing golden altar of the Shining One.
  6898 | D:9      | XOM: medium Ice miscast
  6931 | D:9      | You fall through a shaft for 2 floors!
  6939 | D:11     | Found Ravipp's Food Boutique.
  6946 | D:11     | Bought 2 fruits for 33 gold pieces
  6946 | D:11     | Bought 4 fruits for 66 gold pieces
  6946 | D:11     | Bought 2 fruits for 33 gold pieces
  6946 | D:11     | Bought 2 fruits for 33 gold pieces
  7019 | D:11     | Identified Sif Muna's Incunabulum of Boosts
  7024 | D:11     | Learned a level 2 spell: Repel Missiles
  7028 | D:11     | Learned a level 3 spell: Regeneration
  7093 | D:10     | Entered Level 10 of the Dungeon
  7233 | D:10     | Found Fapiliz's Antique Armour Shoppe.
  7241 | D:10     | Bought a twisted buckler for 323 gold pieces
  7251 | D:10     | Identified the +2 buckler "Xicat" {Dex+2} (You bought it in a shop on level 10 of the Dungeon)
  7372 | D:10     | Reached XP level 11. HP: 63/63 MP: 19/19
  7587 | D:9      | Reached skill level 1 in Air Magic
  7595 | D:9      | Reached skill level 1 in Charms
  7595 | D:9      | Reached skill level 1 in Necromancy
  7595 | D:9      | Reached skill level 5 in Invocations
  7617 | D:9      | XOM: mild Chrm miscast
  7695 | D:9      | XOM: vitrification
  8214 | D:10     | Reached skill level 5 in Dodging
  8229 | D:10     | Reached skill level 1 in Spellcasting
  8566 | D:11     | Noticed Britaniac's ghost (journeyman GrFE)
  8570 | D:11     | Killed Britaniac's ghost
  8677 | D:11     | Reached skill level 5 in Shields
  8882 | D:11     | Got a faintly glowing hat
  8888 | D:11     | Identified the +0 hat of Asaplu {rC+} (You found it on level 11 of the Dungeon)
  8889 | D:11     | Got a steaming hat
  8900 | D:11     | Identified the +1 hat "Wiwuomm" {rF+ rCorr Dex+4 Slay-5} (You found it on level 11 of the Dungeon)
  8919 | D:11     | Learned a level 2 spell: Swiftness
  8923 | D:11     | Learned a level 3 spell: Mephitic Cloud
  8971 | D:11     | Reached skill level 14 in Stealth
  9372 | D:12     | Noticed a hill giant
  9380 | D:12     | Killed a hill giant
  9558 | D:12     | Reached skill level 1 in Poison Magic
  9568 | D:12     | Noticed a hill giant
  9604 | D:12     | Killed a hill giant
  9604 | D:12     | Reached skill level 1 in Conjurations
  9653 | D:12     | Found a flagged portal.
  9656 | D:12     | Noticed a five-headed hydra
  9681 | D:12     | Killed a five-headed hydra
  9689 | Bailey   | Entered a bailey
  9911 | Bailey   | XOM: medium Trmt miscast
 10036 | Bailey   | Reached **** piety under Fedhas
 10062 | Bailey   | XOM: harmless Pois miscast
 10186 | Bailey   | Noticed an orc knight
 10196 | Bailey   | Killed an orc knight
 10222 | Bailey   | Noticed an orc warlord
 10230 | Bailey   | Killed an orc warlord
 10230 | Bailey   | Reached XP level 12. HP: 55/68 MP: 13/20
 10324 | Bailey   | Gained mutation: One of your tentacles bears a spike. [potion of beneficial mutation]
 10460 | D:12     | Found a staircase to the Orcish Mines.
 10496 | D:12     | Found a roughly hewn altar of Beogh.
 10613 | D:12     | Killed a centaur warrior
 10687 | D:12     | XOM: mild Pois miscast
 10696 | D:12     | Learned a level 3 spell: Spectral Weapon
 10713 | D:13     | Noticed Nessos
 10717 | D:13     | Killed Nessos
 10730 | D:13     | Noticed a centaur warrior
 10736 | D:13     | Killed a centaur warrior
 10882 | D:13     | XOM: medium Summ miscast
 10978 | D:13     | Noticed a tengu warrior
 10994 | D:13     | Killed a tengu warrior
 11120 | D:13     | Reached ***** piety under Fedhas
 11210 | D:13     | Noticed a centaur warrior
 11217 | D:13     | Killed a centaur warrior
 11271 | D:13     | Found a roughly hewn altar of Beogh.
 11356 | D:13     | Found Heikeh's Magic Scroll Emporium.
 11509 | D:13     | Gained mutation: You can translocate small distances at will. [mutagenic meat]
 11510 | D:13     | Gained mutation: One of your tentacles bears a nasty spike. [mutagenic meat]
 11511 | D:13     | Gained mutation: You can breathe flames. [mutagenic meat]
 11723 | D:14     | Noticed Agnes
 11726 | D:14     | Noticed a centaur warrior
 11732 | D:14     | Killed Agnes
 11736 | D:14     | Killed a centaur warrior
 11884 | D:14     | XOM: 1-stop teleportation journey
 11893 | D:14     | Noticed a centaur warrior
 11894 | D:14     | Noticed Snorg
 11906 | D:14     | Killed a centaur warrior
 11914 | D:14     | Noticed Louise
 11943 | D:14     | Killed Snorg
 11944 | D:14     | Noticed a vault guard
 11944 | D:14     | Noticed a vault guard
 11944 | D:14     | Found a gate to the Vaults.
 11944 | D:14     | Noticed a vault guard
 11950 | D:14     | Noticed a vault guard
 11954 | D:14     | Killed a vault guard
 11958 | D:14     | Killed a vault guard
 11958 | D:14     | Reached XP level 13. HP: 59/76 MP: 22/22
 11963 | D:14     | Killed a vault guard
 11964 | D:14     | Killed a vault guard
 12042 | D:14     | Killed Louise
 12590 | D:14     | Reached skill level 1 in Slings
 12594 | D:14     | Gained mutation: You tend to lose your temper in combat. [mutagenic meat]
 12595 | D:14     | Gained mutation: You have supernaturally acute eyesight. [mutagenic meat]
 12596 | D:14     | Lost mutation: You have supernaturally acute eyesight. [mutagenic meat]
 12597 | D:14     | Lost mutation: You tend to lose your temper in combat. [mutagenic meat]
 12897 | Orc:1    | Entered Level 1 of the Orcish Mines
 12906 | Orc:1    | XOM: summons 2 hostile shadow creatures
 12974 | Orc:1    | XOM: give mutations
 12974 | Orc:1    | Lost mutation: You can translocate small distances at will. [Xom's mischief]
 12974 | Orc:1    | Lost mutation: One of your tentacles bears a nasty spike. [Xom's mischief]
 12985 | Orc:1    | Found Genar's General Store.
 13027 | Orc:1    | XOM: noise
 13134 | Orc:1    | Found a roughly hewn altar of Beogh.
 13421 | Orc:2    | Found Ychithrekk's Quality Used Wands.
 13440 | Orc:2    | Reached ****** piety under Fedhas
 13657 | Orc:2    | XOM: give mutations
 13657 | Orc:2    | Gained mutation: You are weak. (Str -2) [Xom's mischief]
 13657 | Orc:2    | Lost mutation: You can breathe flames. [Xom's mischief]
 13657 | Orc:2    | Gained mutation: You can spit weak poison. [Xom's mischief]
 13657 | Orc:2    | Gained mutation: You occasionally shout uncontrollably at your foes. [Xom's mischief]
 13749 | Orc:2    | XOM: severe Divn miscast
 13860 | Orc:3    | Noticed Nergalle
 13867 | Orc:3    | Killed Nergalle
 13913 | Orc:3    | XOM: 4-stop teleportation journey
 13948 | Orc:3    | Found a roughly hewn altar of Beogh.
 14232 | Orc:4    | Entered Level 4 of the Orcish Mines
 14232 | Orc:4    | Found Zumm's Book Shop.
 14315 | Orc:4    | XOM: 2-stop teleportation journey
 14466 | Orc:4    | XOM: summons 3 hostile demons
 14515 | Orc:4    | Noticed a stone giant
 14525 | Orc:4    | Killed a stone giant
 14668 | Orc:4    | Reached skill level 15 in Stealth
 14671 | Orc:4    | Found Houji's Magic Scroll Boutique.
 14713 | Orc:4    | Found Uratwuic's General Store.
 15081 | Orc:4    | Found a staircase to the Elven Halls.
 15388 | Orc:4    | XOM: medium Fire miscast
 15388 | Orc:4    | Was forgiven by Xom
 15430 | Orc:4    | Reached skill level 5 in Charms
 15430 | Orc:4    | Reached skill level 5 in Air Magic
 15521 | Orc:4    | Reached XP level 14. HP: 48/83 MP: 18/23
 15552 | Orc:4    | Reached skill level 5 in Spellcasting
 15590 | Orc:4    | Found Gatotato's Antique Weapon Emporium.
 15590 | Orc:4    | Found a one-way gate leading to the halls of Pandemonium.
 15590 | Orc:4    | Found Racwerho's Book Shoppe.
 15777 | Orc:1    | Bought 3 fruits for 63 gold pieces
 16149 | Lair:1   | Entered Level 1 of the Lair of Beasts
 16327 | Temple   | Fell from the grace of Fedhas
 16327 | Temple   | Became a worshipper of Xom of Chaos
 16340 | Temple   | Fell from the grace of Xom
 16340 | Temple   | Became a worshipper of Fedhas Madash
 16666 | Lair:1   | Noticed Gastronok
 16766 | Lair:1   | Killed Gastronok
 17326 | Lair:1   | Got an iridescent long sword
 17328 | Lair:1   | Identified the +1 long sword of Valiance {drain, Int+5} (You found it on level 1 of the Lair of Beasts)
 18271 | Lair:3   | Found a staircase to the Shoals.
 20341 | Lair:5   | Reached skill level 5 in Slings
 20371 | Lair:5   | HP: 3/83 [polar bear (4)]
 21110 | Lair:5   | Found a hole to the Spider Nest.
 21166 | Lair:6   | XOM: summons 7 hostile demons
 21266 | Lair:6   | Noticed Rupert
 22154 | Lair:5   | XOM: mild Necr miscast
 22347 | Lair:6   | XOM: blink monster(s)
 22388 | Lair:6   | Killed Rupert
 22482 | Lair:6   | Found a basalt altar of Yredelemnul.
 22773 | Lair:6   | XOM: noise
 22817 | Lair:5   | XOM: summons 3 hostile shadow creatures
 23187 | Lair:6   | Noticed a thorn hunter
 23187 | Lair:6   | a wandering mushroom changed into a thorn hunter
 23187 | Lair:6   | XOM: polymorph wandering mushroom -> thorn hunter
 23273 | Lair:6   | Found a staircase to the Slime Pits.
 23939 | Lair:7   | Reached XP level 15. HP: 44/88 MP: 1/24
 24005 | Lair:7   | Noticed a thorn hunter
 24005 | Lair:7   | a wandering mushroom changed into a thorn hunter
 24005 | Lair:7   | XOM: polymorph wandering mushroom -> thorn hunter
 24083 | Lair:7   | Reached skill level 10 in Slings
 24581 | Lair:7   | XOM: mild Fire miscast
 24606 | Lair:8   | Entered Level 8 of the Lair of Beasts
 24633 | Lair:8   | a thorn hunter (ally) was killed
 24637 | Lair:8   | Noticed Maud
 24658 | Lair:8   | Killed Maud
 24769 | Lair:8   | XOM: mild Ice miscast
 24905 | Lair:8   | a thorn hunter (ally) was killed
 24931 | Lair:8   | XOM: medium Hex miscast
 25289 | Lair:8   | XOM: medium Trmt miscast
 25680 | Lair:8   | XOM: summons 2 hostile demons
 25880 | Lair:8   | XOM: medium Tloc miscast
 25881 | Lair:8   | Cast into the Abyss (the capriciousness of Xom)
 25892 | Abyss:1  | Identified a scroll of acquirement
 25941 | Abyss:1  | Found a corrupted altar of Lugonu.
 26083 | Abyss:1  | Noticed a tentacled starspawn
 26096 | Abyss:1  | Killed a tentacled starspawn
 26136 | Abyss:1  | Slain by a fire crab

Action                   |  1- 3 |  4- 6 |  7- 9 | 10-12 | 13-15 || total
-------------------------+-------+-------+-------+-------+-------++-------
Melee: Short sword       |    81 |    13 |   262 |   376 |       ||   732
       Scimitar          |       |       |    38 |       |       ||    38
       Eveningstar       |       |       |       |    60 |   658 ||   718
 Fire: Blowgun           |       |       |    10 |       |    67 ||    77
       Hunting sling     |       |       |       |     2 |       ||     2
       Greatsling        |       |       |       |       |   351 ||   351
 Cast: Mephitic Cloud    |       |       |       |     1 |    43 ||    44
       Regeneration      |       |       |       |       |    59 ||    59
       Swiftness         |       |       |       |       |     4 ||     4
Invok: Evolution         |       |       |     2 |    15 |    43 ||    60
       Sunlight          |       |       |     1 |     3 |       ||     4
       Reproduction      |       |       |       |     1 |     6 ||     7
Evoke: Wand              |     1 |    16 |    22 |    33 |    71 ||   143
  Use: Potion            |       |       |    13 |     6 |    17 ||    36
       Scroll            |       |       |    11 |    10 |    19 ||    40
 Stab: Sleeping          |     9 |     5 |    29 |    45 |    18 ||   106
       Distracted        |       |     1 |       |     4 |     8 ||    13
       Paralysed         |       |       |     4 |     1 |     3 ||     8
       Confused          |       |       |       |     2 |    15 ||    17
       Fleeing           |       |       |       |       |     1 ||     1
  Eat: Chunk             |       |     1 |     5 |     3 |     6 ||    15
       Meat ration       |       |       |     2 |     3 |     6 ||    11
       Beef jerky        |       |       |     1 |       |     3 ||     4
       Pizza             |       |       |       |     2 |     1 ||     3
       Bread ration      |       |       |       |       |     5 ||     5
